 Dungeon Crawl Stone Soup version 0.22.1-1-ga44c0e5 (webtiles) character file.

115452 rabbit the Slinger (level 16, -6/124 HPs)
             Began as a Gnoll Wizard on Oct 14, 2018.
             Was a High Priest of Ashenzari.
             Mangled by a wolf spider (16 damage)
             ... on level 1 of the Spider Nest on Oct 15, 2018.
             The game lasted 05:18:08 (37462 turns).

rabbit the Slinger (Gnoll Wizard)                  Turns: 37462, Time: 05:18:08

Health: -6/124     AC: 15    Str: 13    XL:     16   Next: 68%
Magic:  5/32       EV: 21    Int: 29    God:    Ashenzari [*****.]
Gold:   785        SH:  7    Dex: 15    Spells: 4/40 levels left

rFire    . . .     SeeInvis +   a - +10 dagger of the Beast {protect, +Inv}
rCold    . . .     Gourm    .   J - +0 buckler
rNeg     . . .     Faith    .   z - +5 robe of Night {Dark MR+ SInv}
rPois    +         Spirit   .   U - +2 hat {Int+3}
rElec    .         Reflect  .   t - +1 cloak (curse)
rCorr    .         Harm     .   Y - +0 pair of gloves
MR       +++..     Clarity  +   Q - +0 pair of boots
Stlth    +++++.....             i - amulet of regeneration (curse)
HPRegen  0.70/turn              A - ring of protection from magic (curse)
MPRegen  0.23/turn              x - ring of Deewaepp {rPois EV+1 Str+3}

@: about to teleport, studying 2 skills
A: distributed training, fangs 1, strong nose
a: Curse Item, Scrying, Renounce Religion, Evoke Invisibility


You were on level 1 of the Spider Nest.
You worshipped Ashenzari.
Ashenzari was extremely pleased with you.
You were hungry.

You visited 4 branches of the dungeon, and saw 25 of its levels.
You also visited: Labyrinth, Sewer and Ossuary.

You collected 1764 gold pieces.
You spent 979 gold pieces at shops.

Inventory:

Hand Weapons
 a - the +10 dagger of the Beast (weapon) {protect, +Inv}
   (You found it in a labyrinth)

   It protects the one who uses it against injury (+AC on strike).
   It lets you turn invisible.
 b - the +11 hunting sling "Usaed" {freeze, rN+ Str-4 Dex+2 SInv}
   (You bought it in a shop on level 5 of the Dungeon)

   It causes projectiles fired from it to freeze those they strike, causing
   extra injury to most foes and up to half again as much damage against
   particularly susceptible opponents.
   They can also slow down cold-blooded creatures.
   It affects your strength (-4).
   It affects your dexterity (+2).
   It protects you from negative energy.
   It lets you see invisible.
 c - a +0 antimagic dagger
 V - the +5 hunting sling of Gin and Tonic {venom, rElec rPois rC- Int-5}
   (You bought it in a shop on level 5 of the Dungeon)

   It poisons the ammo it fires.
   It affects your intelligence (-5).
   It makes you vulnerable to cold.
   It insulates you from electricity.
   It protects you from poison.
Missiles
 e - 105 sling bullets
 m - 212 stones (quivered)
 C - 21 poisoned javelins
 L - 3 throwing nets
Armour
 t - a cursed +1 cloak (worn)
 y - +0 acid dragon scales
 z - the +5 robe of Night (worn) {Dark MR+ SInv}
   (You found it on level 6 of the Lair of Beasts)

   It affects your resistance to hostile enchantments.
   It lets you see invisible.
 J - a +0 buckler (worn)
 Q - a +0 pair of boots (worn)
 U - a +2 hat of intelligence (worn)
 Y - a +0 pair of gloves (worn)
Magical Staves
 r - an uncursed staff of poison
Jewellery
 i - a cursed amulet of regeneration (around neck)
 x - the ring of Deewaepp (right hand) {rPois EV+1 Str+3}
   (You found it on level 7 of the Dungeon)

   [ring of evasion]

   It affects your evasion (+1).
   It affects your strength (+3).
   It protects you from poison.
 A - a cursed ring of protection from magic (left hand)
 E - the ring "Xici" {*Drain rC+ MR+ EV+3 Int+2}
   (You found it on level 10 of the Dungeon)

   [ring of evasion]

   It affects your evasion (+3).
   It affects your intelligence (+2).
   It protects you from cold.
   It affects your resistance to hostile enchantments.
   It causes draining when unequipped.
 X - an uncursed ring of protection from fire
Wands
 n - a wand of iceblast (10)
 u - a wand of paralysis (10)
 D - a wand of enslavement (12)
 G - a wand of acid (13)
 I - a wand of polymorph (12)
 K - a wand of disintegration (11)
 O - a wand of flame (165)
 R - a wand of digging (8)
 Z - a wand of clouds (5)
Scrolls
 f - 5 scrolls of remove curse
 g - 3 scrolls of blinking
 h - 14 scrolls of identify
 p - 17 scrolls of teleportation
 F - 4 scrolls of magic mapping
 M - 2 scrolls of silence
 N - 3 scrolls of fog
 T - a scroll of fear
Potions
 o - 5 potions of flight
 q - 3 potions of haste
 s - 10 potions of curing
 w - 9 potions of heal wounds
Books
 j - a manual of Hexes
 S - a manual of Slings
Miscellaneous
 l - a box of beasts
Comestibles
 d - 34 rations
 k - a chunk of flesh


   Skills:
 + Level 10.8 Fighting
 + Level 10.8 Short Blades
 + Level 10.8 Long Blades
 + Level 10.8 Axes
 + Level 10.8 Maces & Flails
 + Level 10.8 Polearms
 + Level 10.8 Staves
 + Level 14.0 Slings
 + Level 10.8 Bows
 + Level 10.8 Crossbows
 + Level 10.8 Throwing
 + Level 10.8 Armour
 + Level 11.6 Dodging
 + Level 11.5 Stealth
 + Level 10.8 Shields
 + Level 10.8 Unarmed Combat
 + Level 12.6 Spellcasting
 + Level 9.4(12.0) Conjurations
 + Level 10.8(13.2) Hexes
 + Level 9.2(11.7) Charms
 + Level 9.4(12.0) Summonings
 + Level 9.2(11.7) Necromancy
 + Level 9.4(12.0) Translocations
 + Level 9.2(11.7) Transmutations
 + Level 9.2(11.7) Fire Magic
 + Level 9.2(11.7) Ice Magic
 + Level 9.2(11.7) Air Magic
 + Level 9.2(11.7) Earth Magic
 + Level 9.2(11.7) Poison Magic
 + Level 11.7 Invocations
 + Level 10.8(13.2) Evocations


You had 4 spell levels left.
You knew the following spells:

 Your Spells              Type           Power        Failure   Level  Hunger
a - Magic Dart            Conj           ####         1%          1    None
b - Blink                 Tloc           N/A          1%          2    None
c - Call Imp              Summ           ######..     1%          2    None
d - Conjure Flame         Conj/Fire      ######..     1%          3    None
e - Mephitic Cloud        Conj/Pois/Air  ######..     1%          3    None
f - Confuse               Hex            #######.     1%          3    None
g - Tukima's Dance        Hex            #######.     1%          3    None
h - Borgnjor's Vile Clut  Necr/Erth      ######....   1%          5    ##.....
i - Shadow Creatures      Summ           N/A          3%          6    ####...
j - Iron Shot             Conj/Erth      ######....   3%          6    ####...
k - Swiftness             Chrm/Air       ######..     1%          2    None

Your spell library contained the following spells:

 Spells                   Type           Power        Failure   Level  Hunger
 Corona                   Hex            #######      0%          1    None
 Ensorcelled Hibernation  Hex/Ice        ######       1%          2    None
 Passwall                 Tmut/Erth      ######..     1%          2    None
 Poisonous Vapours        Pois/Air       ######       1%          2    None
 Slow                     Hex            #######.     1%          2    None
 Dazzling Spray           Conj/Hex       ######       1%          3    None
 Recall                   Summ/Tloc      N/A          1%          3    None
 Animate Dead             Necr           N/A          1%          4    None
 Passage of Golubria      Tloc           N/A          1%          4    None
 Bolt of Magma            Conj/Fire/Erth ######....   1%          5    ##.....
 Iskenderun's Battlesphe  Conj/Chrm      ######..     1%          5    ##.....
 Lee's Rapid Deconstruct  Erth           ######....   1%          5    ##.....
 Silence                  Hex/Air        ######....   1%          5    ##.....
 Venom Bolt               Conj/Pois      ######....   1%          5    ##.....
 Darkness                 Hex            #######...   1%          6    ####...
 Invisibility             Hex            #######.     1%          6    ####...
 Death Channel            Necr           ######....   3%          6    ####...
 Freezing Cloud           Conj/Ice/Air   ######....   3%          6    ####...
 Simulacrum               Ice/Necr       ######....   3%          6    ####...
 Orb of Destruction       Conj           ######....   17%         7    ######.
 Spellforged Servitor     Conj/Summ      ######....   17%         7    ######.
 Ring of Flames           Chrm/Fire      ######....   19%         7    ######.


Dungeon Overview and Level Annotations

Branches:
Dungeon (15/15)            Temple (0/1) D:7            Lair (6/6) D:11
 Shoals (0/4) Lair:3       Spider (2/4) Lair:4        Slime (0/5) Lair:6
    Orc (2/2) D:12            Elf (0/3) Orc:2        Vaults (0/5) D:13
 Depths (0/5) D:15

Altars:
Ashenzari
Cheibriados
Dithmenos
Elyvilon
Fedhas
Hepliaklqana
Makhleb
Okawaru
Qazlal
Uskayaw
Wu Jian

Shops:
D:5 (   D:9 *   D:11 %?::   D:13 (   D:14 *   Orc:2 ?}(!

Portals:
Trove: D:14 (lose all piety)

Annotations:
D:4 Sigmund
D:6 1 runed door, Valentain's ghost, novice OpVM
D:12 3 runed doors, raikaria's ghost, journeyman DrVM
Lair:4 3 runed doors, ThePrince's ghost, journeyman TrMo
Lair:5 1 runed door, wilfster70's ghost, journeyman MfGl
Orc:2 3 runed doors, Lovchig's ghost, journeyman DDFi


Innate Abilities, Weirdness & Mutations

Your experience applies equally to all skills.
You have very sharp teeth.
Your uncanny sense of smell can sniff out nearby items.


Message History

You don't have enough magic to cast that spell.
The wolf spider hits you but does no damage.
The wolf spider closely misses you. The wolf spider misses you.
The wolf spider bites you. The wolf spider misses you.
The wolf spider completely misses you. The wolf spider closely misses you.
You block the wolf spider's attack. The wolf spider hits you!!
* * * LOW HITPOINT WARNING * * *
The wolf spider misses you.
As you read the scroll of teleportation, it crumbles to dust.
You feel strangely unstable. The wolf spider completely misses you.
The wolf spider barely misses you. The wolf spider hits you.
* * * LOW HITPOINT WARNING * * *
The wolf spider misses you. The redback closely misses you.
The wolf spider hits you!!
* * * LOW HITPOINT WARNING * * *
The wolf spider misses you. The wolf spider hits you.
* * * LOW HITPOINT WARNING * * *
The wolf spider closely misses you. The wolf spider hits you!
You die...

.......##..###^.....>..###.##....
......###.#.#..........##.###.#..
....#####.##...............##.###
#.######.##..............#....###
#........###.............####..##
..........####...........# ##...
.........## ####.......#.## ##.#
.........####.....#..####.# ###.#
................@.#####..§###....
.........##....ss................
........##......s..####>.#.#.....
.......s##..........# #..#.......
........##..........# #.#.#......
.##...#.##..........# #.#.#.<....
.#######............# #####......
†.### ##...........# #.##......
....## ##..........# ##.#.......


You could see 2 wolf spiders and a redback.

Vanquished Creatures
  Arachne (Spider:2)
  Gastronok (D:9)
  Kirke (D:12)
  A ghost moth (Spider:1)
  An orc warlord (Orc:2)
  Louise (Spider:2)
  Nessos (Lair:6)
  Azrael (D:14)
  A minotaur (Lab)
  Snorg (D:14)
  2 ettins
  3 ogre magi
  2 hydras
  A centaur warrior (D:15)
  2 catoblepae
  13 two-headed ogres
  A tengu warrior (D:15)
  6 death yaks
  A merfolk avatar (Lair:6)
  A shock serpent (shapeshifter) (D:15)
  Sonja (D:12)
  A sea snake (Lair:6)
  An unseen horror (D:13)
  A wizard (D:13)
  2 deep trolls
  A glowing orange brain (shapeshifter) (D:15)
  A harpy (Lair:6)
  A wolf spider zombie (D:15)
  A necromancer (Lair:5)
  6 orc sorcerers
  4 orb spiders
  5 cyclopes
  21 ugly things
  2 orc knights (D:15)
  8 wolf spiders
  2 manticores (Lair:6)
  4 deep elf magi
  Maurice (Orc:1)
  12 elephants
  4 black mambas
  2 torpor snails (Lair:4)
  A gargoyle (D:14)
  10 spiny frogs
  6 rime drakes
  2 kobold demonologists (D:13)
  An efreet (D:14)
  2 demonic crawlers (Spider:1)
  13 trolls
  9 komodo dragons
  A tengu conjurer (D:15)
  5 jumping spiders
  4 polar bears (Lair:6)
  2 hornets (Lair:6)
  Prince Ribbit (D:9)
  Grinder (D:6)
  A wind drake (Lair:6)
  11 blink frogs
  7 slime creatures
  12 hippogriffs
  A shadow (D:13)
  16 redbacks
  24 tarantellas
  24 yaks
  A wraith (D:12)
  5 wyverns
  5 fire elementals (D:14)
  2 basilisks (D:11)
  Eustachio (D:6)
  3 hogs (D:12)
  2 hungry ghosts
  2 steam dragons
  5 vampire mosquitoes
  4 wargs
  Menkaure (D:6)
  3 insubstantial wisps (Lair:4)
  2 acid dragons
  A soldier ant (D:14)
  10 water moccasins
  2 hell hounds (D:14)
  5 porcupines
  4 black bears
  21 orc warriors
  3 elephant zombies (Lair:5)
  3 ice beasts
  2 sky beasts
  2 eyes of draining
  3 necrophages
  2 phantoms
  21 centaurs
  30 ogres
  14 crocodiles
  5 big kobolds
  A big kobold (shapeshifter) (D:15)
  9 bullfrogs
  A gnoll sergeant (D:7)
  2 water moccasin zombies (Ossuary)
  A wyvern skeleton (D:11)
  4 scorpions
  2 killer bees (D:8)
  4 wights (D:10)
  7 electric eels
  A howler monkey (D:14)
  10 crimson imps
  4 centaur zombies
  5 jellies
  2 bullfrog zombies (D:7)
  5 hounds
  A bullfrog skeleton (D:7)
  13 orc priests
  6 centaur skeletons
  24 orc wizards
  Ijyb (D:4)
  3 iguanas
  10 worker ants
  4 big kobold zombies (Ossuary)
  A killer bee zombie (D:7)
  A crocodile zombie (Lair:5)
  A hound zombie (D:6)
  2 hound skeletons
  2 mummies (Ossuary)
  Robin (D:4)
  A worker ant zombie (D:7)
  A howler monkey skeleton (D:7)
  12 adders
  15 gnolls
  4 river rats
  5 shadow imps
  2 oozes (D:2)
  6 adder zombies
  10 worms
  A dart slug (D:3)
  7 leopard geckos
  51 orcs
  13 bats
  7 giant cockroaches
  4 gnoll zombies (Ossuary)
  19 goblins
  5 hobgoblins
  5 jackals
  24 kobolds
  2 quokkas
  5 frilled lizards
  4 hobgoblin zombies (Ossuary)
  5 kobold zombies (Ossuary)
  6 orc zombies (Ossuary)
  A quokka skeleton (D:4)
  13 rats
  A butterfly (Lair:4)
  2 fungi (Lair:6)
  A plant (Lair:4)
801 creatures vanquished.

Vanquished Creatures (collateral kills)
  Saint Roka (Orc:2)
  A gargoyle (D:13)
  A tarantella (Spider:1)
  An orc warrior (D:12)
  A killer bee (D:8)
  A jelly (D:2)
  5 oozes (D:2)
  An adder zombie (Ossuary)
  A worm (D:2)
  5 orcs
  A hobgoblin zombie (Ossuary)
19 creatures vanquished.

Vanquished Creatures (others)
  A spark wasp (Spider:2)
  A yak (Lair:4)
  A human (D:12)
  A dancing weapon (D:7)
  A centaur zombie (D:12)
  2 bushes
  17 fungi
  23 plants
  9 toadstools (D:2)
56 creatures vanquished.

Grand Total: 876 creatures vanquished

Notes
Turn   | Place    | Note
-------+----------+-------------------------------------------
     0 | D:1      | rabbit the Gnoll Wizard began the quest for the Orb.
     0 | D:1      | Reached XP level 1. HP: 13/13 MP: 8/8
   163 | D:1      | Reached XP level 2. HP: 19/19 MP: 8/10
   167 | D:1      | Learned a level 2 spell: Blink
   170 | D:1      | Learned a level 2 spell: Call Imp
   301 | D:1      | Reached XP level 3. HP: 25/25 MP: 3/11
   317 | D:1      | Learned a level 3 spell: Conjure Flame
   321 | D:1      | Learned a level 3 spell: Mephitic Cloud
   671 | D:1      | Reached skill level 1 in Invocations
  1228 | D:2      | Reached skill level 1 in Fighting
  1228 | D:2      | Reached skill level 1 in Short Blades
  1228 | D:2      | Reached skill level 1 in Long Blades
  1228 | D:2      | Reached skill level 1 in Axes
  1228 | D:2      | Reached skill level 1 in Maces & Flails
  1228 | D:2      | Reached skill level 1 in Polearms
  1228 | D:2      | Reached skill level 1 in Staves
  1228 | D:2      | Reached skill level 1 in Slings
  1228 | D:2      | Reached skill level 1 in Bows
  1228 | D:2      | Reached skill level 1 in Crossbows
  1228 | D:2      | Reached skill level 1 in Throwing
  1228 | D:2      | Reached skill level 1 in Armour
  1228 | D:2      | Reached skill level 1 in Shields
  1228 | D:2      | Reached skill level 1 in Unarmed Combat
  1228 | D:2      | Reached skill level 1 in Evocations
  1228 | D:2      | Reached XP level 4. HP: 13/32 MP: 7/13
  1316 | D:2      | Found a shattered altar of Ashenzari.
  1319 | D:2      | Became a worshipper of Ashenzari the Shackled
  1537 | D:2      | Found a stormy altar of Qazlal.
  1788 | D:2      | Reached skill level 1 in Hexes
  1788 | D:2      | Reached skill level 1 in Charms
  1788 | D:2      | Reached skill level 1 in Necromancy
  1788 | D:2      | Reached skill level 1 in Transmutations
  1788 | D:2      | Reached skill level 1 in Fire Magic
  1788 | D:2      | Reached skill level 1 in Ice Magic
  1788 | D:2      | Reached skill level 1 in Air Magic
  1788 | D:2      | Reached skill level 1 in Earth Magic
  1788 | D:2      | Reached skill level 1 in Poison Magic
  1844 | D:2      | Reached XP level 5. HP: 37/37 MP: 9/14
  2569 | D:3      | Reached XP level 6. HP: 33/44 MP: 8/16
  2768 | D:3      | Found an ornate altar of the Wu Jian Council.
  2768 | D:3      | Found a shadowy altar of Dithmenos.
  3547 | D:4      | Noticed Ijyb
  3559 | D:4      | Killed Ijyb
  3559 | D:4      | Reached skill level 2 in Slings
  3559 | D:4      | Reached skill level 5 in Dodging
  3597 | D:4      | Noticed Sigmund
  3787 | D:4      | Noticed Robin
  3796 | D:4      | Killed Robin
  4215 | D:4      | Noticed a phantom
  4220 | D:5      | Entered Level 5 of the Dungeon
  4405 | D:5      | Reached XP level 7. HP: 50/50 MP: 18/18
  4517 | D:5      | Reached * piety under Ashenzari
  4718 | D:5      | Learned a level 3 spell: Confuse
  4722 | D:5      | Learned a level 3 spell: Tukima's Dance
  4827 | D:5      | Found Pokloxed's Antique Weapon Boutique.
  4839 | D:5      | Bought a dazzling hunting sling for 149 gold pieces
  4839 | D:5      | Identified the +11 hunting sling "Usaed" {freeze, rN+ Str-4
                  | Dex+2 SInv} (You bought it in a shop on level 5 of the
                  | Dungeon)
  5003 | D:5      | Reached skill level 5 in Stealth
  5084 | D:6      | Found an iron altar of Okawaru.
  5111 | D:6      | Noticed Menkaure
  5360 | D:6      | Killed Menkaure
  5360 | D:6      | Reached XP level 8. HP: 33/57 MP: 14/19
  5495 | D:6      | Found a glowing drain.
  5499 | Sewer    | Entered a sewer
  5765 | Sewer    | Reached skill level 3 in Slings
  5851 | Sewer    | Found a glowing silver altar of Zin.
  6008 | D:6      | Noticed Grinder
  6031 | D:6      | Killed Grinder
  6083 | D:6      | Noticed Eustachio
  6100 | D:6      | Killed Eustachio
  6423 | D:6      | Found a hazy altar of Hepliaklqana.
  6508 | D:6      | Found a white marble altar of Elyvilon.
  6598 | D:6      | Reached XP level 9. HP: 65/65 MP: 7/21
  7104 | D:6      | Found a runed door.
  7106 | D:6      | Noticed a six-headed hydra
  7106 | D:6      | Noticed Valentain's ghost (novice OpVM)
  7279 | D:7      | Reached skill level 4 in Slings
  7992 | D:7      | Found a blossoming altar of Fedhas.
  8027 | D:7      | Reached skill level 5 in Invocations
  8360 | D:7      | Reached skill level 5 in Slings
  8417 | D:7      | Reached XP level 10. HP: 73/73 MP: 22/22
  8518 | D:7      | Reached ** piety under Ashenzari
  8570 | D:7      | Found a staircase to the Ecumenical Temple.
  8706 | D:7      | Identified the ring of Deewaepp {rPois EV+1 Str+3}
  8964 | D:8      | Found a sand-covered staircase.
  9183 | Ossuary  | Entered an ossuary
 10416 | D:8      | Reached skill level 5 in Fighting
 10416 | D:8      | Reached skill level 5 in Short Blades
 10416 | D:8      | Reached skill level 5 in Long Blades
 10416 | D:8      | Reached skill level 5 in Axes
 10416 | D:8      | Reached skill level 5 in Maces & Flails
 10416 | D:8      | Reached skill level 5 in Polearms
 10416 | D:8      | Reached skill level 5 in Staves
 10416 | D:8      | Reached skill level 5 in Bows
 10416 | D:8      | Reached skill level 5 in Crossbows
 10416 | D:8      | Reached skill level 5 in Throwing
 10416 | D:8      | Reached skill level 5 in Armour
 10416 | D:8      | Reached skill level 5 in Shields
 10416 | D:8      | Reached skill level 5 in Unarmed Combat
 10416 | D:8      | Reached skill level 5 in Evocations
 11135 | D:8      | Found a snail-covered altar of Cheibriados.
 11638 | D:9      | Found Huufroso's General Store.
 11864 | D:9      | Got the cursed rapier of the Egg {pierce, rN++ MR+ Dex+5}
 12079 | D:9      | Reached *** piety under Ashenzari
 12119 | D:9      | Noticed Gastronok
 12245 | D:9      | Found a burning altar of Makhleb.
 12302 | D:9      | Killed Gastronok
 12302 | D:9      | Reached skill level 6 in Slings
 12302 | D:9      | Reached skill level 5 in Conjurations
 12302 | D:9      | Reached skill level 5 in Summonings
 12302 | D:9      | Reached skill level 5 in Translocations
 12379 | D:9      | Found a blossoming altar of Fedhas.
 12448 | D:9      | Noticed Prince Ribbit
 12459 | D:9      | Killed Prince Ribbit
 12605 | D:7      | Reached XP level 11. HP: 81/81 MP: 24/24
 12744 | D:5      | Bought a smoking hunting sling for 149 gold pieces
 12744 | D:5      | Identified the +5 hunting sling of Gin and Tonic {venom,
                  | rElec rPois rC- Int-5} (You bought it in a shop on level 5
                  | of the Dungeon)
 12876 | D:10     | Entered Level 10 of the Dungeon
 13297 | D:10     | Reached skill level 7 in Slings
 13373 | D:10     | Identified the ring "Xici" {*Drain rC+ MR+ EV+3 Int+2}
 13964 | D:11     | Found a staircase to the Lair.
 13977 | D:11     | Reached skill level 5 in Hexes
 13977 | D:11     | Reached skill level 5 in Charms
 13977 | D:11     | Reached skill level 5 in Necromancy
 13977 | D:11     | Reached skill level 5 in Transmutations
 13977 | D:11     | Reached skill level 5 in Fire Magic
 13977 | D:11     | Reached skill level 5 in Ice Magic
 13977 | D:11     | Reached skill level 5 in Air Magic
 13977 | D:11     | Reached skill level 5 in Earth Magic
 13977 | D:11     | Reached skill level 5 in Poison Magic
 13982 | D:11     | Found a labyrinth entrance.
 14033 | Lab      | Entered a labyrinth
 14259 | Lab      | Noticed a minotaur
 14281 | Lab      | HP: 4/81 [poisoned by a minotaur]
 14498 | Lab      | Killed a minotaur
 14583 | Lab      | Got the cursed scimitar "Lamokaih" {venom, Stlth+}
 14653 | Lab      | Got the dagger of the Beast {protect, +Inv}
 14654 | Lab      | Identified the +10 dagger of the Beast {protect, +Inv} (You
                  | found it in a labyrinth)
 14772 | D:11     | Learned a level 5 spell: Borgnjor's Vile Clutch
 14825 | D:11     | Found Res Raerr's Magic Scroll Boutique.
 14831 | D:11     | Bought a scroll of remove curse for 51 gold pieces
 14973 | D:11     | Found Dukux's Food Boutique.
 15089 | D:11     | Found Kazituar's Book Shop.
 15139 | D:11     | Reached **** piety under Ashenzari
 15351 | D:11     | Found Yvveq's Book Boutique.
 15500 | D:12     | Noticed Kirke
 15579 | D:12     | Noticed Sonja
 15647 | Lair:1   | Entered Level 1 of the Lair of Beasts
 15771 | Lair:1   | Found a frozen archway.
 16154 | Lair:1   | Reached skill level 8 in Slings
 16773 | Lair:2   | Reached XP level 12. HP: 89/89 MP: 25/25
 17461 | Lair:3   | Found a staircase to the Shoals.
 17512 | Lair:3   | Reached ***** piety under Ashenzari
 17968 | Lair:4   | Found a runed gate.
 17968 | Lair:4   | Found a runed gate.
 18180 | Lair:4   | Found a runed gate.
 18183 | Lair:4   | Reached skill level 10 in Spellcasting
 18189 | Lair:4   | Noticed a six-headed hydra
 18189 | Lair:4   | Noticed a four-headed hydra
 18193 | Lair:4   | Noticed ThePrince's ghost (journeyman TrMo)
 18371 | Lair:4   | Reached skill level 9 in Slings
 19079 | Lair:4   | Found a hole to the Spider Nest.
 19819 | Lair:5   | Reached XP level 13. HP: 98/98 MP: 19/27
 20107 | Lair:5   | Reached skill level 10 in Slings
 20300 | Lair:5   | Found a runed door.
 20300 | Lair:5   | Noticed wilfster70's ghost (journeyman MfGl)
 21027 | Lair:6   | Entered Level 6 of the Lair of Beasts
 21282 | Lair:6   | Noticed Nessos
 21616 | Lair:6   | Found a staircase to the Slime Pits.
 21773 | Lair:6   | Killed Nessos
 21961 | Lair:6   | Found the +5 robe of Night {Dark MR+ SInv}
 22275 | Lair:6   | Got the shortbow of True Grit {freeze, rPois rC+ Dex+3
                  | Stlth+}
 22281 | Lair:6   | Identified the +9 shortbow of True Grit {freeze, rPois rC+
                  | Dex+3 Stlth+} (You found it on level 6 of the Lair of
                  | Beasts)
 22651 | Lair:5   | Reached skill level 11 in Slings
 23204 | Lair:6   | Reached XP level 14. HP: 106/106 MP: 18/29
 24567 | Lair:3   | Reached skill level 10 in Dodging
 24996 | D:11     | Learned a level 6 spell: Shadow Creatures
 25080 | D:12     | Killed Sonja
 25438 | D:12     | Found a staircase to the Orcish Mines.
 26012 | D:12     | Found a runed gate.
 26012 | D:12     | Found a runed gate.
 26012 | D:12     | Found a runed gate.
 26072 | D:12     | Killed Kirke
 26072 | D:12     | Reached skill level 10 in Stealth
 26627 | D:12     | Noticed raikaria's ghost (journeyman DrVM)
 26718 | D:11     | Bought a book of Power for 630 gold pieces
 26725 | D:11     | Learned a level 6 spell: Iron Shot
 26912 | D:13     | Found a hide-covered altar of Uskayaw.
 26954 | D:13     | Found a gate to the Vaults.
 27119 | D:13     | Reached skill level 10 in Invocations
 27509 | D:13     | Found Behim's Antique Weapon Shop.
 27614 | D:13     | Reached skill level 12 in Slings
 28177 | D:14     | Noticed Snorg
 28204 | D:14     | Killed Snorg
 28401 | D:14     | Found a portal to a secret trove of treasure.
 28710 | D:14     | Found Veune's General Store.
 29019 | D:14     | Noticed Azrael
 29048 | D:14     | Killed Azrael
 29074 | D:14     | Reached XP level 15. HP: 114/114 MP: 19/30
 29280 | D:15     | Entered Level 15 of the Dungeon
 29424 | D:15     | Found a staircase to the Depths.
 30536 | D:15     | Reached skill level 10 in Fighting
 30536 | D:15     | Reached skill level 10 in Short Blades
 30536 | D:15     | Reached skill level 10 in Long Blades
 30536 | D:15     | Reached skill level 10 in Axes
 30536 | D:15     | Reached skill level 10 in Maces & Flails
 30536 | D:15     | Reached skill level 10 in Polearms
 30536 | D:15     | Reached skill level 10 in Staves
 30536 | D:15     | Reached skill level 10 in Bows
 30536 | D:15     | Reached skill level 10 in Crossbows
 30536 | D:15     | Reached skill level 10 in Throwing
 30536 | D:15     | Reached skill level 10 in Armour
 30536 | D:15     | Reached skill level 10 in Shields
 30536 | D:15     | Reached skill level 10 in Unarmed Combat
 30536 | D:15     | Reached skill level 10 in Evocations
 31008 | D:15     | Reached skill level 13 in Slings
 31439 | Orc:1    | Entered Level 1 of the Orcish Mines
 31551 | Orc:1    | Noticed Maurice
 31557 | Orc:1    | Killed Maurice
 31942 | Orc:2    | Entered Level 2 of the Orcish Mines
 32563 | Orc:2    | Reached skill level 10 in Hexes
 32949 | Orc:1    | Reached XP level 16. HP: 78/122 MP: 22/32
 33212 | Orc:2    | Found a staircase to the Elven Halls.
 33223 | Orc:2    | Found Raoph's Gadget Emporium.
 33227 | Orc:2    | Found Buixonk's Magic Scroll Emporium.
 33242 | Orc:2    | Found Canuah's Antique Weapon Boutique.
 33247 | Orc:2    | Found Xoyleg's Distillery.
 33264 | Orc:2    | Found a runed gate.
 33264 | Orc:2    | Found a runed gate.
 33264 | Orc:2    | Noticed Saint Roka
 34222 | Orc:2    | Learned a level 2 spell: Swiftness
 34361 | Orc:2    | Noticed Lovchig's ghost (journeyman DDFi)
 34519 | Orc:2    | Found a runed gate.
 34802 | Orc:2    | Killed Saint Roka
 35053 | Spider:1 | Entered Level 1 of the Spider Nest
 35159 | Spider:1 | Reached ****** piety under Ashenzari
 36810 | Spider:2 | Noticed Arachne
 36981 | Spider:2 | Killed Arachne
 37015 | Spider:2 | Noticed Louise
 37043 | Spider:2 | Killed Louise
 37043 | Spider:2 | Reached skill level 14 in Slings
 37462 | Spider:1 | Mangled by a wolf spider

Skill      XL: |  1  2  3  4  5  6  7  8  9 10 11 12 13 14 15 16 |
---------------+-------------------------------------------------+-----
Conjurations   | 2 3 4 5 6 7 8 9 |  9.4
Summonings     | 2 3 4 5 6 7 8 9 |  9.4
Translocations | 2 3 4 5 6 7 8 9 |  9.4
Invocations    | 1 2 3 4 5 6 7 8 9 10 11 | 11.7
Fighting       | 1 2 3 4 5 6 7 8 9 10 | 10.8
Short Blades   | 1 2 3 4 5 6 7 8 9 10 | 10.8
Long Blades    | 1 2 3 4 5 6 7 8 9 10 | 10.8
Axes           | 1 2 3 4 5 6 7 8 9 10 | 10.8
Maces & Flails | 1 2 3 4 5 6 7 8 9 10 | 10.8
Polearms       | 1 2 3 4 5 6 7 8 9 10 | 10.8
Staves         | 1 2 3 4 5 6 7 8 9 10 | 10.8
Slings         | 1 2 3 5 6 8 9 11 12 13 14 | 14.0
Bows           | 1 2 3 4 5 6 7 8 9 10 | 10.8
Crossbows      | 1 2 3 4 5 6 7 8 9 10 | 10.8
Throwing       | 1 2 3 4 5 6 7 8 9 10 | 10.8
Armour         | 1 2 3 4 5 6 7 8 9 10 | 10.8
Shields        | 1 2 3 4 5 6 7 8 9 10 | 10.8
Unarmed Combat | 1 2 3 4 5 6 7 8 9 10 | 10.8
Evocations     | 1 2 3 4 5 6 7 8 9 10 | 10.8
Hexes          | 1 2 3 4 5 6 7 8 10 | 10.8
Charms         | 1 2 3 4 5 6 7 8 9 |  9.2
Necromancy     | 1 2 3 4 5 6 7 8 9 |  9.2
Transmutations | 1 2 3 4 5 6 7 8 9 |  9.2
Fire Magic     | 1 2 3 4 5 6 7 8 9 |  9.2
Ice Magic      | 1 2 3 4 5 6 7 8 9 |  9.2
Air Magic      | 1 2 3 4 5 6 7 8 9 |  9.2
Earth Magic    | 1 2 3 4 5 6 7 8 9 |  9.2
Poison Magic   | 1 2 3 4 5 6 7 8 9 |  9.2
Dodging        | 5 6 7 8 9 10 11 | 11.6
Stealth        | 5 6 7 8 9 10 11 | 11.5
Spellcasting   | 8 9 10 11 12 | 12.6

Action                   |  1- 3 |  4- 6 |  7- 9 | 10-12 | 13-15 | 16-18 || total
-------------------------+-------+-------+-------+-------+-------+-------++-------
Melee: Short sword       |     3 |    68 |   136 |    37 |       |       ||   244
       Whip              |     3 |       |       |       |       |       ||     3
       Dagger            |     2 |       |       |   186 |   522 |   242 ||   952
       Bite              |       |     6 |    22 |    31 |    73 |    27 ||   159
       Punch             |       |     3 |     2 |     1 |     1 |       ||     7
       Unarmed           |       |       |       |     3 |       |       ||     3
 Fire: Hunting sling     |       |       |    87 |   574 |   941 |   267 ||  1869
       Hand crossbow     |       |       |     9 |       |       |       ||     9
       Fustibalus        |       |       |       |       |    14 |       ||    14
Throw: Stone             |       |       |     4 |     6 |     4 |     2 ||    16
 Cast: Magic Dart        |    72 |   126 |    56 |    21 |     1 |       ||   276
       Blink             |     1 |       |       |     5 |    25 |     8 ||    39
       Call Imp          |     1 |     8 |     2 |     9 |     1 |     3 ||    24
       Conjure Flame     |     1 |     1 |     5 |     6 |     2 |       ||    15
       Mephitic Cloud    |       |     7 |     6 |    34 |    66 |    17 ||   130
       Confuse           |       |       |    30 |    34 |   208 |    57 ||   329
       Tukima's Dance    |       |       |     2 |     4 |     4 |     1 ||    11
       Borgnjor's Vile C |       |       |       |     4 |     6 |     3 ||    13
       Shadow Creatures  |       |       |       |       |     5 |       ||     5
       Iron Shot         |       |       |       |       |       |     4 ||     4
Invok: Curse Item        |       |     2 |       |       |       |       ||     2
Evoke: Wand              |       |       |       |     5 |       |     3 ||     8
  Use: Scroll            |     1 |     3 |       |    18 |     1 |     1 ||    24
       Potion            |       |       |       |     5 |       |       ||     5
 Stab: Sleeping          |     2 |     4 |     9 |    10 |    16 |     4 ||    45
       Confused          |       |       |    19 |    14 |    83 |    23 ||   139
       Distracted        |       |       |       |       |       |     1 ||     1
  Eat: Chunk             |       |    10 |    10 |    17 |    28 |     7 ||    72
       Ration            |       |       |     1 |     5 |     4 |     2 ||    12
Armor: Robe              |     6 |    18 |    15 |    14 |    40 |    69 ||   162
       Acid dragon scale |       |       |       |    38 |    29 |       ||    67
Dodge: Dodged            |    22 |    79 |    75 |   152 |   250 |   221 ||   799
Block: Buckler           |       |       |       |    51 |   103 |    97 ||   251
